 Dungeon Crawl Stone Soup version 0.20.0-15-g7f486f2 (webtiles) character file.

331 greprep the Slasher (level 6, -3/52 HPs)
             Began as a Minotaur Fighter on June 9, 2017.
             Killed from afar by an orc wizard (10 damage)
             ... with a puff of flame
             ... on level 4 of the Dungeon.
             The game lasted 00:03:42 (2535 turns).

greprep the Slasher (Minotaur Fighter)              Turns: 2535, Time: 00:03:43

Health: -3/52      AC:  9    Str: 23    XL:     6   Next: 26%
Magic:  5/5        EV:  8    Int:  5    God:
Gold:   203        SH: 10    Dex:  9    Spells: 5/5 levels left

rFire    . . .     SeeInvis .   a - +0 long sword
rCold    . . .     Gourm    .   c - +0 shield
rNeg     . . .     Faith    .   b - +0 scale mail
rPois    .         Spirit   .   (helmet restricted)
rElec    .         Reflect  .   (no cloak)
rCorr    +         Harm     .   h - +0 pair of gloves
MR       .....                  l - +0 pair of boots
Stlth    ..........             (no amulet)
Regen    0.2/turn               p - ring of resist corrosion
MPRegen  0.1/turn               (no ring)

@: no status effects
A: retaliatory headbutt, horns 2
a: no special abilities


You were on level 4 of the Dungeon.
You were hungry.

You visited 1 branch of the dungeon, and saw 4 of its levels.

You collected 203 gold pieces.

Inventory:

Hand Weapons
 a - a +0 long sword (weapon)
Armour
 b - a +0 scale mail (worn)
 c - a +0 shield (worn)
 h - a +0 pair of gloves (worn)
 l - a +0 pair of boots (worn)
Jewellery
 p - a ring of resist corrosion (left hand)
 u - an uncursed ring of poison resistance {unknown}
Wands
 y - a wand of disintegration (9/24)
Scrolls
 e - 2 scrolls of remove curse {unknown}
 g - a scroll of amnesia {unknown}
 i - 3 scrolls of identify {unknown}
 j - 4 scrolls of teleportation {unknown}
 m - a scroll of noise {unknown}
 s - a scroll of immolation {unknown}
 v - a scroll of enchant weapon {unknown}
 x - a scroll of enchant armour {unknown}
Potions
 d - 2 potions of might
 k - 2 potions of lignification {unknown}
 n - a potion of brilliance {unknown}
 q - 2 potions of flight {unknown}
 r - a potion of cancellation {unknown}
 t - 2 potions of degeneration {unknown}
Books
 o - a book of Cantrips

   Spells                             Type                      Level
   a - Confusing Touch                Hexes                        1
   b - Animate Skeleton               Necromancy                   1
   c - Summon Small Mammal            Summoning                    1
   d - Apportation                    Translocation                1
Comestibles
 f - 2 bread rations
 w - 3 fruits
 z - a meat ration


   Skills:
 + Level 4.2 Fighting
 * Level 5.6 Long Blades
 + Level 5.0 Armour
 + Level 1.0 Dodging
 + Level 5.1 Shields


You had 5 spell levels left.
You didn't know any spells.

Dungeon Overview and Level Annotations

Branches:
Dungeon (4/15)
 Temple: D:4-7

Altars:
Sif Muna
The Shining One


Innate Abilities, Weirdness & Mutations

You reflexively headbutt those who attack you in melee.
You have a pair of horns on your head.


Message History

The orc wizard hits you but does no damage.
The ogre barely misses you.
You hit the orc wizard.
The orc wizard is severely wounded.
You block the orc wizard's attack. You block the ogre's attack.
The orc wizard hits you but does no damage.
You closely miss the orc wizard. You headbutt the orc wizard.
The orc wizard is almost dead.
The orc wizard hits you with a dagger. The ogre hits you with a giant club!
* * * LOW HITPOINT WARNING * * *
You are too injured to fight recklessly!
The orc wizard casts a spell at you. The puff of flame hits you!
* * * LOW HITPOINT WARNING * * *
You hit the ogre but do no damage. You headbutt the ogre!
The ogre is moderately wounded.
The ogre barely misses you. The orc wizard casts a spell at you.
The puff of flame hits you!
You die...

##### ....# ## # ###.#
#...##################
....####....))O.@...........#
....>.......))o#########.##.#
#.#.#.###.#.############.##.##
..........#. .............#
#.#.#.##... ########.##..#
##...## .# #.##..####
###.#####.#.# #.##......
............############.##...###
##.####...................#...#


You could see an ogre and an orc wizard.

Vanquished Creatures
  An ogre (D:4)
  An orc priest (D:4)
  An orc wizard (D:4)
  A worker ant (D:4)
  The ghost of dscm the Digger, a weakling OpEE (D:3)
  A howler monkey zombie (D:4)
  4 adders
  A howler monkey skeleton (D:4)
  An ooze (D:4)
  3 worms
  2 dart slugs
  4 orcs
  9 bats
  A giant cockroach (D:1)
  9 goblins
  12 hobgoblins
  10 jackals
  A quokka (D:3)
  2 frilled lizards
  3 kobolds
  A quokka skeleton (D:4)
  8 rats
77 creatures vanquished.

Notes
Turn   | Place    | Note
-------+----------+-------------------------------------------
     0 | D:1      | greprep the Minotaur Fighter began the quest for the Orb.
     0 | D:1      | Reached XP level 1. HP: 19/19 MP: 0/0
    63 | D:1      | Reached XP level 2. HP: 24/27 MP: 1/1
   407 | D:1      | Reached XP level 3. HP: 33/33 MP: 2/2
  1355 | D:2      | Found a deep blue altar of Sif Muna.
  1382 | D:2      | Reached XP level 4. HP: 40/40 MP: 3/3
  1600 | D:3      | Noticed dscm's ghost (weakling OpEE)
  1616 | D:3      | Killed dscm's ghost
  1925 | D:3      | Found a glowing golden altar of the Shining One.
  2097 | D:4      | Reached XP level 5. HP: 37/46 MP: 4/4
  2110 | D:4      | Noticed an ogre
  2114 | D:4      | Killed an ogre
  2114 | D:4      | Reached skill level 5 in Long Blades
  2114 | D:4      | Reached skill level 5 in Shields
  2473 | D:4      | Reached XP level 6. HP: 52/52 MP: 5/5
  2521 | D:4      | Reached skill level 5 in Armour
  2521 | D:4      | Reached skill level 1 in Dodging
  2535 | D:4      | Killed from afar by an orc wizard

Skill      XL: |  1  2  3  4  5  6 |
---------------+-------------------+-----
Armour         | 4 5 |  5.0
Shields        | 4 5 |  5.1
Fighting       | 4 |  4.2
Long Blades    | 3 4 5 |  5.6
Dodging        | 1 |  1.0

Action                   |  1- 3 |  4- 6 || total
-------------------------+-------+-------++-------
Melee: Long sword        |   108 |    96 ||   204
       Headbutt          |    12 |    26 ||    38
  Eat: Chunk             |     1 |     4 ||     5
Armor: Scale mail        |    59 |    43 ||   102
Dodge: Dodged            |    39 |    38 ||    77
Block: Shield            |    55 |    51 ||   106
       Rpst.: Long sword |     7 |     8 ||    15
